[Event "Titled Tuesday Blitz April 25 Early 2023"]
[White "Kleiman, Jake"]
[Black "Nakamura, Hikaru"]
[WhiteFideId "2020041"]
[BlackFideId "2016192"]
[WhiteElo "2522"]
[BlackElo "2885"]
[Result "0-1"]
[Round "01"]
[TimeControl "180+2"]
[Date "2023.04.25"]
[WhiteClock "0:00:21"]
[BlackClock "0:01:46"]

1. e4 g6 2. d4 Bg7 3. Nf3 d6 4. c3 Nd7 5. Bd3 e5 6. dxe5 dxe5 7. O-O Ngf6 8. Qe2 O-O 9. Bg5 h6 10. Bxf6 Qxf6 11. Nbd2 h5 12. Nc4 Bh6 13. a4 a5 14. Rad1 Qe7 15. Bc2 f6 16. Ne3 Kg7 17. Nd5 Qd8 18. Nd2 c6 19. Ne3 Qc7 20. Ndc4 Nc5 21. h3 h4 22. Ng4 Bg5 23. Nh2 Bf4 24. Nf3 Rh8 25. Ne1 Be6 26. Ne3 Bh6 27. Nd3 Nxe4 28. Ng4 Bxg4 29. Qxg4 f5 30. Qe2 Rhe8 31. Rfe1 b6 32. Bb3 Re7 33. Qc2 Rae8 34. Re2 Nf6 0-1


[Site "https://www.chess.com"]

[Event "Titled Tuesday Blitz April 25 Early 2023"]
[White "Naroditsky, Daniel"]
[Black "Postnikov, Daniil"]
[WhiteFideId "2026961"]
[BlackFideId "4166329"]
[WhiteElo "2633"]
[BlackElo "2261"]
[Result "1-0"]
[Round "01"]
[TimeControl "180+2"]
[Date "2023.04.25"]
[WhiteClock "0:00:10"]
[BlackClock "0:00:12"]

1. d4 f5 2. Bf4 Nf6 3. e3 d6 4. Nc3 g6 5. h4 h6 6. Qf3 Bg7 7. Qg3 Kf7 8. Bc4+ e6 9. Nf3 Qe7 10. O-O-O Nh5 11. Qh2 Nxf4 12. Qxf4 Rf8 13. h5 g5 14. Qxf5+ Qf6 15. Qd3 Ke7 16. e4 Qf7 17. Kb1 Nd7 18. Bb3 a5 19. a4 Kd8 20. Nb5 Qe7 21. Qe3 c6 22. Nc3 Kc7 23. Nd2 Qf6 24. Nf3 Qf4 25. Qd3 Nf6 26. e5 Nd5 27. exd6+ Qxd6 28. Ne4 Qf4 29. Rhe1 b6 30. Ned2 Qf5 31. Qxf5 Rxf5 32. Ne4 Rf4 33. c3 Ba6 34. Bc2 Raf8 35. Ne5 Bxe5 36. dxe5 c5 37. f3 g4 38. fxg4 Rxg4 39. Rd2 Nf4 40. Nf6 Rxg2 41. Rd7+ Kc8 42. Red1 Nxh5 43. Nxh5 Be2 44. Nf6 Bxd1 45. Rxd1 h5 46. Bb3 h4 47. Bxe6+ Kb7 48. Bd5+ Kc7 49. Bxg2 1-0


[Site "https://www.chess.com"]

[Event "Titled Tuesday Blitz April 25 Early 2023"]
[White "Bilan, Danila"]
[Black "Sarana, Alexey"]
[WhiteFideId "24161918"]
[BlackFideId "24133795"]
[WhiteElo "2182"]
[BlackElo "2714"]
[Result "0-1"]
[Round "01"]
[TimeControl "180+2"]
[Date "2023.04.25"]
[WhiteClock "0:00:02"]
[BlackClock "0:01:58"]

1. d4 Nf6 2. Nf3 d5 3. c4 e6 4. Nc3 Nbd7 5. cxd5 exd5 6. Bg5 h6 7. Bh4 c6 8. e3 g5 9. Bg3 Nh5 10. Bd3 Nxg3 11. hxg3 Bg7 12. Qc2 Nb6 13. Bf5 Bxf5 14. Qxf5 Qd7 15. Qxd7+ Kxd7 16. g4 Nc4 17. b3 Nd6 18. Rc1 Rae8 19. Ke2 f5 20. gxf5 g4 21. Nh4 Bxd4 22. Kd3 Bf6 23. g3 h5 24. Ng6 Rh7 25. Nf4 Reh8 26. Ng6 Rg8 27. Nf4 Rg5 28. e4 Bxc3 29. Kxc3 Nxe4+ 30. Kd4 Rxf5 31. Rhg1 Nxf2 32. b4 Re7 33. Kc3 h4 34. Ng6 Re3+ 35. Kd2 Ra3 36. Nxh4 Ne4+ 37. Ke2 Rf2+ 38. Ke1 Raxa2 0-1


[Site "https://www.chess.com"]

[Event "Titled Tuesday Blitz April 25 Early 2023"]
[White "Caruana, Fabiano"]
[Black "Salman, Pavel"]
[WhiteFideId "2020009"]
[BlackFideId "24153753"]
[WhiteElo "2837"]
[BlackElo "2187"]
[Result "1-0"]
[Round "01"]
[TimeControl "180+2"]
[Date "2023.04.25"]
[WhiteClock "0:00:21"]
[BlackClock "0:00:04"]

1. d4 Nf6 2. c4 c5 3. d5 b5 4. cxb5 a6 5. bxa6 g6 6. Nc3 Bg7 7. e4 O-O 8. Nf3 Qa5 9. Bd2 Bxa6 10. a4 Bxf1 11. Kxf1 Qa6+ 12. Qe2 e6 13. dxe6 fxe6 14. Nb5 Nc6 15. g3 d5 16. exd5 exd5 17. Kg2 Ne4 18. Be3 Rae8 19. Qc2 Nb4 20. Qb3 Qf6 21. Bf4 Kh8 22. Nc7 Rd8 23. h4 Qc6 24. Nb5 Rxf4 25. gxf4 Qe6 26. Nh2 Rf8 27. Rae1 Qf6 28. Qf3 Nd2 29. Qg3 Ne4 30. Qf3 Nd2 31. Qe3 Nc4 32. Qg3 Qxb2 33. Ng4 Nc2 34. Re2 N4a3 35. Nxa3 Nxa3 36. Rxb2 Nc4 37. Re2 1-0


[Site "https://www.chess.com"]

[Event "Titled Tuesday Blitz April 25 Early 2023"]
[White "Mortazavi, Ali"]
[Black "So, Wesley"]
[WhiteFideId "401323"]
[BlackFideId "5202213"]
[WhiteElo "2339"]
[BlackElo "2749"]
[Result "0-1"]
[Round "01"]
[TimeControl "180+2"]
[Date "2023.04.25"]
[WhiteClock "0:00:08"]
[BlackClock "0:00:24"]

1. Nf3 c5 2. e4 d6 3. d3 Nf6 4. g3 g6 5. Bg2 Bg7 6. O-O O-O 7. e5 dxe5 8. Nxe5 Nfd7 9. Nc4 Nc6 10. Bxc6 bxc6 11. Re1 Re8 12. Qf3 Nb6 13. Nc3 Nd5 14. Ne4 Nb4 15. Qe2 Qd5 16. a3 Na6 17. Bf4 Bf5 18. Ned6 Bh3 19. f3 Bd4+ 20. Kh1 exd6 21. Qxe8+ Rxe8 22. Rxe8+ Kg7 23. Re4 Bf5 24. c3 Bf6 25. Nxd6 Bxe4 26. Ne8+ Kh8 27. Nxf6 Bxf3+ 28. Kg1 Qe6 29. Rf1 Qxf6 30. Rxf3 Qd8 31. Be5+ Kg8 32. Bf6 Qe8 33. Kf2 Nc7 34. Re3 Qb8 35. b4 cxb4 36. axb4 Nd5 37. Be5 Qc8 38. Re4 Qf5+ 39. Kg2 h5 40. Bd4 f6 41. h3 g5 42. g4 hxg4 43. hxg4 Qd7 44. Kg3 Kf7 45. Re1 Qd6+ 46. Kg2 Qf4 47. Re4 Qd2+ 48. Kg3 Qxd3+ 0-1


[Site "https://www.chess.com"]

[Event "Titled Tuesday Blitz April 25 Early 2023"]
[White "Firouzja, Alireza"]
[Black "Principe, Gerson"]
[WhiteFideId "12573981"]
[BlackFideId "3804550"]
[WhiteElo "2904"]
[BlackElo "2229"]
[Result "1-0"]
[Round "01"]
[TimeControl "180+2"]
[Date "2023.04.25"]
[WhiteClock "0:01:26"]
[BlackClock "0:00:10"]

1. e4 c5 2. Nf3 e6 3. Nc3 Nc6 4. Bb5 Nd4 5. O-O Nxb5 6. Nxb5 a6 7. Nc3 d6 8. Re1 Nf6 9. e5 dxe5 10. Nxe5 Be7 11. Qf3 O-O 12. d3 Nd7 13. Nc4 Ra7 14. a4 b6 15. Qg3 Re8 16. Bh6 g6 17. Ne4 Nf6 18. Qe5 Nh5 19. Qc3 Bf8 20. Bxf8 Rxf8 21. a5 b5 22. Ne3 Qd4 23. Qxc5 Qxc5 24. Nxc5 Rc7 25. d4 Rd8 26. c3 Nf6 27. Nc2 Rd6 28. Nb4 Kg7 29. f4 h5 30. Re3 Ng4 31. Re2 Nf6 32. Rae1 h4 33. Re3 Nh5 34. Nbd3 Rd5 35. Re5 Rd6 36. R1e3 Nf6 37. Rh3 Ng4 38. Re1 Nh6 39. Rxh4 Nf5 40. Rh3 Rd5 41. g4 Nh6 42. g5 Nf5 43. Ne5 Rd6 44. Ne4 1-0


[Site "https://www.chess.com"]

[Event "Titled Tuesday Blitz April 25 Early 2023"]
[White "Kubicka, Anna"]
[Black "Andreikin, Dmitry"]
[WhiteFideId "1152254"]
[BlackFideId "4158814"]
[WhiteElo "2144"]
[BlackElo "2736"]
[Result "0-1"]
[Round "01"]
[TimeControl "180+2"]
[Date "2023.04.25"]
[WhiteClock "0:00:03"]
[BlackClock "0:00:18"]

1. e4 c5 2. Ne2 Nc6 3. g3 d5 4. Bg2 d4 5. O-O e5 6. d3 h5 7. h3 h4 8. g4 g5 9. c3 Be6 10. cxd4 cxd4 11. Nd2 f6 12. Nb3 a5 13. a4 Bb4 14. Qc2 Nge7 15. Nc5 Bxc5 16. Qxc5 Nb4 17. Bd2 b6 18. Qb5+ Bd7 19. Qc4 Rc8 20. Qb3 Nec6 21. f4 gxf4 22. Bxf4 exf4 23. Nxf4 Ne5 24. Rac1 Rxc1 25. Rxc1 Qe7 26. Rc7 Qd6 27. Ra7 Nf3+ 28. Bxf3 Qxf4 29. Ra8+ Ke7 30. Rxh8 Qxf3 31. Rh7+ Kd6 32. Rxd7+ Kxd7 33. Qf7+ Kd6 34. Qf8+ Ke5 35. Qb8+ Ke6 36. Qe8+ Kd6 37. Qd8+ Kc5 38. Qe7+ Kc6 39. Qe8+ Kc7 40. Qe7+ Kc8 41. Qe8+ Kc7 42. Qe7+ Kc6 43. Qe8+ Kd6 44. Qd8+ Ke5 45. Qc7+ Ke6 46. Qc8+ Kf7 47. Qd7+ Kg6 48. Qe8+ Kg5 49. Qg8+ Kf4 50. Qb8+ Ke3 51. Qh2 Nxd3 0-1


[Site "https://www.chess.com"]

[Event "Titled Tuesday Blitz April 25 Early 2023"]
[White "Martinez Alcantara, Jose Eduardo"]
[Black "Berthier, Hugo"]
[WhiteFideId "3805662"]
[BlackFideId "655864"]
[WhiteElo "2711"]
[BlackElo "2193"]
[Result "1-0"]
[Round "01"]
[TimeControl "180+2"]
[Date "2023.04.25"]
[WhiteClock "0:00:48"]
[BlackClock "0:00:25"]

1. e4 e5 2. Nf3 Nc6 3. Bb5 Nf6 4. d3 Bc5 5. O-O d6 6. c3 O-O 7. Bg5 Ne7 8. d4 Bb6 9. Bd3 Ng6 10. h3 h6 11. Be3 Re8 12. Nbd2 Nf4 13. Bxf4 exf4 14. Re1 a6 15. Qc2 Nh5 16. e5 d5 17. Rad1 Be6 18. c4 c6 19. b4 g5 20. c5 Bc7 21. Nh2 Qd7 22. Ndf3 Ng7 23. a4 Bf5 24. Rb1 Bxd3 25. Qxd3 Qf5 26. Qc3 Ne6 27. Ng4 Kg7 28. Nf6 Reb8 29. Qb3 Bd8 30. Ne8+ Kh7 31. Nd6 Qg6 32. Rbd1 Be7 33. Nh2 h5 34. g4 h4 35. Nf3 Kg8 36. Nf5 Bd8 37. Re2 Rc8 38. Rb2 Rcb8 39. Qd3 Kh7 40. Rdb1 Kg8 41. b5 axb5 42. axb5 Rc8 43. bxc6 bxc6 44. Rb7 Rc7 45. Rxc7 Bxc7 46. Ne7+ Kg7 47. Nxg6 fxg6 48. Rb7 1-0


[Site "https://www.chess.com"]

[Event "Titled Tuesday Blitz April 25 Early 2023"]
[White "Sonnenschein, Philipp"]
[Black "Bluebaum, Matthias"]
[WhiteFideId "16250877"]
[BlackFideId "24651516"]
[WhiteElo "2224"]
[BlackElo "2638"]
[Result "0-1"]
[Round "01"]
[TimeControl "180+2"]
[Date "2023.04.25"]
[WhiteClock "0:00:27"]
[BlackClock "0:00:10"]

1. e4 e6 2. d4 d5 3. Nd2 c5 4. Ngf3 cxd4 5. Nxd4 Nf6 6. exd5 Nxd5 7. N2f3 a6 8. c4 Nf6 9. a3 Be7 10. Bg5 O-O 11. Be2 Qc7 12. O-O b6 13. Rc1 Bb7 14. b4 Nbd7 15. Qb3 Rfd8 16. Rfd1 Ne5 17. Bf4 Nxf3+ 18. Qxf3 e5 19. Bxe5 Qxe5 20. Qxb7 Rab8 21. Nc6 Qxe2 22. Rxd8+ Rxd8 23. Nxd8 Bxd8 24. Qxa6 h5 25. Qa8 Qd2 26. Rf1 Kh7 27. h3 Bc7 28. Qf3 h4 29. Rd1 Qg5 30. a4 Qe5 31. Qd3+ g6 32. Qf3 Kg7 33. Kf1 Ne4 34. Qe3 Qf5 35. f3 Ng3+ 36. Ke1 Qc2 37. Rd2 Qc1+ 0-1


[Site "https://www.chess.com"]

[Event "Titled Tuesday Blitz April 25 Early 2023"]
[White "Mamedyarov, Shakhriyar"]
[Black "Rodchenkov, Sergey D."]
[WhiteFideId "13401319"]
[BlackFideId "4168712"]
[WhiteElo "2704"]
[BlackElo "2277"]
[Result "1-0"]
[Round "01"]
[TimeControl "180+2"]
[Date "2023.04.25"]
[WhiteClock "0:01:28"]
[BlackClock "0:00:08"]

1. d4 d5 2. c4 dxc4 3. e3 Nf6 4. Bxc4 e6 5. Nf3 c5 6. O-O a6 7. b3 Nbd7 8. Bb2 b5 9. Be2 Bb7 10. a4 b4 11. Nbd2 Be7 12. Rc1 O-O 13. Ne5 Nxe5 14. dxe5 Ne4 15. Nc4 Qc7 16. Qc2 f5 17. f3 Ng5 18. Rfd1 Nf7 19. f4 Rad8 20. Rxd8 Rxd8 21. Rd1 g5 22. Nd2 g4 23. e4 Qc6 24. Bd3 c4 25. bxc4 Bc5+ 26. Kh1 Rxd3 27. Qxd3 fxe4 28. Qe2 h5 29. Nf1 h4 30. Bd4 h3 31. Qxg4+ Kf8 32. Qxh3 Bxd4 33. Rxd4 b3 34. Qxb3 e3 35. Nxe3 Qc5 36. Rd3 Be4 37. Qa3 1-0


[Site "https://www.chess.com"]

[Event "Titled Tuesday Blitz April 25 Early 2023"]
[White "Belov, Alexei"]
[Black "Lazavik, Denis"]
[WhiteFideId "4128206"]
[BlackFideId "13515110"]
[WhiteElo "2513"]
[BlackElo "2560"]
[Result "0-1"]
[Round "01"]
[TimeControl "180+2"]
[Date "2023.04.25"]
[WhiteClock "0:00:03"]
[BlackClock "0:00:10"]

1. e4 e5 2. Nf3 Nc6 3. Bb5 a6 4. Ba4 Nf6 5. d4 exd4 6. O-O Be7 7. e5 Ne4 8. Nxd4 O-O 9. Nf5 d5 10. Nxe7+ Nxe7 11. c3 Nc5 12. Bc2 Bf5 13. Na3 Qd7 14. Be3 Ne6 15. f4 c5 16. g4 Bxc2 17. Nxc2 d4 18. cxd4 cxd4 19. Nxd4 Nd5 20. Nxe6 fxe6 21. Bc5 Rf7 22. Qd4 Rc8 23. Bd6 Qb5 24. Rac1 Rc6 25. Rce1 Rc4 26. Qd2 Rcxf4 27. Rxf4 Rxf4 28. h3 Rf3 29. Kg2 Rf7 30. Re2 Nf4+ 31. Kg3 Nxe2+ 0-1


[Site "https://www.chess.com"]

[Event "Titled Tuesday Blitz April 25 Early 2023"]
[White "Duda, Jan-Krzysztof"]
[Black "Ordekalog"]
[WhiteFideId "1170546"]
[WhiteElo "2790"]
[BlackElo "2513"]
[Result "1-0"]
[Round "01"]
[TimeControl "180+2"]
[Date "2023.04.25"]
[WhiteClock "0:01:08"]
[BlackClock "0:00:42"]

1. d4 d5 2. c4 e6 3. g3 Nf6 4. Bg2 c5 5. cxd5 exd5 6. Nf3 Nc6 7. O-O Be7 8. Nc3 O-O 9. dxc5 Bxc5 10. Bg5 d4 11. Ne4 Be7 12. Bxf6 Bxf6 13. Rc1 Re8 14. Ne1 Bf5 15. Nc5 Bc8 16. Ned3 Qb6 17. Rc4 Na5 18. Rb4 Qd6 19. Qa4 Nc6 20. Rxb7 Bxb7 21. Nxb7 Qc7 22. Qxc6 Qxc6 23. Bxc6 Rxe2 24. Rd1 Rb8 25. Nbc5 Be7 26. Bf3 Rc2 27. Nb3 Bf6 28. h4 g6 29. Nbc5 Kg7 30. Nd7 Rd8 31. Nxf6 Kxf6 32. Kf1 Rd6 33. Be2 h5 34. Rc1 Rxc1+ 35. Nxc1 Rc6 36. Nd3 Rc2 37. Ke1 a5 38. Bd1 Rc7 39. Kd2 Kf5 40. a3 Ke4 41. Ne1 f6 42. Bc2+ Ke5 43. Bxg6 a4 44. Nd3+ Kd6 45. Bxh5 Rb7 46. Bd1 Ra7 47. g4 Kd5 48. h5 Ke4 49. f3+ Kd5 50. Bc2 Kd6 51. Nb4 1-0


[Site "https://www.chess.com"]

[Event "Titled Tuesday Blitz April 25 Early 2023"]
[White "Shvedova, Alexandra"]
[Black "Le, Tuan Minh"]
[WhiteFideId "54154782"]
[BlackFideId "12401153"]
[WhiteElo "2057"]
[BlackElo "2566"]
[Result "0-1"]
[Round "01"]
[TimeControl "180+2"]
[Date "2023.04.25"]
[WhiteClock "0:00:33"]
[BlackClock "0:01:45"]

1. e4 c5 2. Ne2 Nf6 3. Nbc3 Nc6 4. d4 cxd4 5. Nxd4 g6 6. Be3 Bg7 7. Bc4 O-O 8. Bb3 Qa5 9. f3 e6 10. Nb5 d5 11. exd5 Nxd5 12. Bd2 Nxc3 13. Nxc3 Qc5 14. Qe2 Nd4 15. Qe3 a5 16. a4 Bd7 17. O-O-O b5 18. Kb1 bxa4 19. Nxa4 Bxa4 20. Bxa4 Rab8 21. Bc3 Rfd8 22. Rd3 Qc4 23. b3 Qxa4 0-1


[Site "https://www.chess.com"]

[Event "Titled Tuesday Blitz April 25 Early 2023"]
[White "Moussard, Jules"]
[Black "Camacho Collados, Jose"]
[WhiteFideId "642908"]
[BlackFideId "2265427"]
[WhiteElo "2610"]
[BlackElo "2198"]
[Result "1-0"]
[Round "01"]
[TimeControl "180+2"]
[Date "2023.04.25"]
[WhiteClock "0:01:38"]
[BlackClock "0:00:03"]

1. Nf3 b6 2. c4 Bb7 3. Nc3 e6 4. g3 Nf6 5. Bg2 d5 6. cxd5 exd5 7. d4 a6 8. O-O Bd6 9. Ne5 Nbd7 10. Bf4 O-O 11. Rc1 Qe7 12. Nd3 Rfe8 13. e3 h6 14. Qb3 Bxf4 15. Nxf4 c6 16. Rfe1 Qd6 17. Na4 b5 18. Nc5 Nxc5 19. Rxc5 Bc8 20. Rec1 Bd7 21. Nd3 Ne4 22. R5c2 a5 23. Ne5 a4 24. Qd3 Ra6 25. Bxe4 dxe4 26. Qxe4 f6 27. Qg6 Re7 28. Nxd7 Qxd7 29. Rc5 Qe6 30. d5 Qf7 31. Qxf7+ Kxf7 32. dxc6 Rc7 33. Kf1 Ke6 34. Ke2 Kd6 35. Kd3 Raxc6 36. Rxc6+ Rxc6 37. Rxc6+ Kxc6 38. Kd4 Kd6 39. e4 g5 40. f4 g4 41. e5+ Ke6 42. a3 h5 43. exf6 Kxf6 44. Ke4 Ke6 45. f5+ Ke7 46. Ke5 Kf7 47. f6 Kf8 48. Ke6 Ke8 49. f7+ Kf8 50. Kf6 b4 51. axb4 h4 52. Kg6 hxg3 53. hxg3 Ke7 54. Kg7 Kd6 55. f8=Q+ 1-0


[Site "https://www.chess.com"]

[Event "Titled Tuesday Blitz April 25 Early 2023"]
[White "Principe, Alexander"]
[Black "Kollars, Dmitrij"]
[WhiteFideId "3804542"]
[BlackFideId "12909572"]
[WhiteElo "2203"]
[BlackElo "2584"]
[Result "0-1"]
[Round "01"]
[TimeControl "180+2"]
[Date "2023.04.25"]
[WhiteClock "0:00:18"]
[BlackClock "0:00:25"]

1. e4 c5 2. Nf3 d6 3. d4 cxd4 4. Nxd4 Nf6 5. Nc3 Nc6 6. Bg5 e6 7. Qd2 a6 8. f3 Bd7 9. O-O-O Nxd4 10. Qxd4 h6 11. Be3 Bc6 12. Qb6 d5 13. exd5 Nxd5 14. Nxd5 Bxd5 15. Qxd8+ Rxd8 16. Bd3 Be7 17. a3 Rc8 18. Bd4 O-O 19. Kb1 Rfd8 20. Be2 f6 21. Rd2 e5 22. Be3 Be6 23. Rhd1 Rxd2 24. Rxd2 Kf7 25. f4 Bc5 26. Bxc5 Rxc5 27. Bf3 b6 28. fxe5 Rxe5 29. b3 g5 30. h3 Ke7 31. Re2 Kd6 32. Kc1 f5 33. Kd2 g4 34. hxg4 fxg4 35. Be4 g3 36. Kd3 h5 37. Kd4 h4 38. Re3 Bd5 39. Bxd5 Rxd5+ 40. Kc3 Rd1 41. Re4 h3 0-1


[Site "https://www.chess.com"]

[Event "Titled Tuesday Blitz April 25 Early 2023"]
[White "Paravyan, David"]
[Black "Degenbaev, Aziz"]
[WhiteFideId "4194985"]
[BlackFideId "13802640"]
[WhiteElo "2563"]
[BlackElo "2152"]
[Result "1-0"]
[Round "01"]
[TimeControl "180+2"]
[Date "2023.04.25"]
[WhiteClock "0:00:12"]
[BlackClock "0:00:03"]

1. e4 c5 2. Nf3 d6 3. d4 cxd4 4. Nxd4 Nf6 5. Nc3 a6 6. f3 e5 7. Nb3 Be7 8. Be3 Be6 9. Qd2 h5 10. Be2 Nbd7 11. O-O Rc8 12. a4 O-O 13. a5 Nc5 14. Nxc5 dxc5 15. Rfd1 Qxd2 16. Rxd2 Rfd8 17. Rxd8+ Rxd8 18. Na4 Nd7 19. b3 Rc8 20. Nb2 Nb8 21. Bc4 Nc6 22. Bxe6 fxe6 23. c3 Rd8 24. Kf2 Rd7 25. Ke2 Kf7 26. Nd3 Rc7 27. Bxc5 Bxc5 28. Nxc5 Na7 29. b4 Nb5 30. Kd3 Kf6 31. Rd1 g5 32. Kc2 g4 33. fxg4 hxg4 34. Rd7 Rc8 35. Rxb7 Rh8 36. Nxa6 Nd6 37. Rb6 Nxe4 38. Nc7 Rxh2 39. Nd5+ Kg5 40. Rxe6 Rxg2+ 41. Kd3 Nf2+ 42. Kc4 Kf5 43. Re8 Nd1 44. a6 Ra2 45. b5 g3 46. Rg8 g2 47. Nb4 Ra3 48. Nd5 Ra2 49. b6 Rxa6 50. b7 Ra4+ 51. Kb5 Rg4 52. Rxg4 Kxg4 53. b8=Q Kf3 54. Qf8+ Ke2 55. Qg7 Kf1 56. Qf6+ 1-0


[Site "https://www.chess.com"]

[Event "Titled Tuesday Blitz April 25 Early 2023"]
[White "Escanor89"]
[Black "Deac, Bogdan-Daniel"]
[BlackFideId "1226380"]
[WhiteElo "2509"]
[BlackElo "2649"]
[Result "0-1"]
[Round "01"]
[TimeControl "180+2"]
[Date "2023.04.25"]
[WhiteClock "0:00:01"]
[BlackClock "0:00:03"]

1. Nf3 b6 2. c4 Bb7 3. Nc3 e6 4. a3 c5 5. e4 Nf6 6. e5 Ne4 7. Bd3 Ng5 8. Be2 Nc6 9. d3 Be7 10. O-O Nxf3+ 11. Bxf3 Qb8 12. Re1 O-O 13. Bf4 d6 14. exd6 Bxd6 15. Bg3 Bxg3 16. hxg3 Nd4 17. Bxb7 Qxb7 18. Ne2 Rfd8 19. Nxd4 Rxd4 20. Re3 Rad8 21. Qc2 h5 22. b4 Qe7 23. Rb1 h4 24. Qe2 hxg3 25. Rxg3 Qd6 26. Rb3 Rh4 27. Qe3 Rd4 28. Qg5 g6 29. Qe3 cxb4 30. axb4 a5 31. bxa5 bxa5 32. Rh3 Qf8 33. Rb5 a4 34. Ra5 Rxd3 35. Qxd3 Rxd3 36. Rxd3 Qb4 37. Rd8+ Kg7 38. Rda8 Qe1+ 39. Kh2 Qxf2 40. Rxa4 g5 41. R8a5 Qh4+ 42. Kg1 g4 43. c5 Qe1+ 44. Kh2 f5 45. c6 Qc3 46. Ra7+ Kg6 47. c7 Kg5 48. Kg1 g3 49. Kf1 Qd2 50. c8=Q Qf2# 0-1


[Site "https://www.chess.com"]

[Event "Titled Tuesday Blitz April 25 Early 2023"]
[White "Korobov, Anton"]
[Black "Aggelis, Nikolaos"]
[WhiteFideId "14105730"]
[BlackFideId "4213220"]
[WhiteElo "2638"]
[BlackElo "2189"]
[Result "1-0"]
[Round "01"]
[TimeControl "180+2"]
[Date "2023.04.25"]
[WhiteClock "0:01:11"]
[BlackClock "0:00:24"]

1. d4 f5 2. g3 Nf6 3. Bg2 g6 4. Nf3 Bg7 5. O-O O-O 6. b3 d6 7. Bb2 Nbd7 8. Nbd2 Qe8 9. Nc4 Nb6 10. Qd3 Kh8 11. Na5 c6 12. c4 Nbd7 13. Rad1 e5 14. dxe5 dxe5 15. Qd6 h6 16. Nxe5 Nxe5 17. Bxe5 Ne4 18. Bxg7+ Kxg7 19. Qd4+ Kh7 20. c5 Be6 21. Nxb7 Qe7 22. Nd6 Rad8 23. Qe5 Rd7 24. Nxe4 Rxd1 25. Rxd1 fxe4 26. Bxe4 Qf7 27. f4 Bg4 28. Bxc6 Rc8 29. Rd6 1-0


[Site "https://www.chess.com"]

[Event "Titled Tuesday Blitz April 25 Early 2023"]
[White "Devaev, Alexander"]
[Black "Nguyen, Ngoc Truong Son"]
[WhiteFideId "4169395"]
[BlackFideId "12401110"]
[WhiteElo "2204"]
[BlackElo "2556"]
[Result "0-1"]
[Round "01"]
[TimeControl "180+2"]
[Date "2023.04.25"]
[WhiteClock "0:00:25"]
[BlackClock "0:00:33"]

1. d4 d5 2. c4 c6 3. Nf3 Nf6 4. cxd5 cxd5 5. Nc3 Nc6 6. Bf4 a6 7. e3 Bg4 8. Be2 e6 9. O-O Bd6 10. Ne5 Bxe2 11. Qxe2 Bxe5 12. Bxe5 Nxe5 13. dxe5 Nd7 14. f4 O-O 15. Rad1 Rc8 16. Kh1 Qb6 17. Rd4 Rc7 18. h3 Rfc8 19. Rfd1 Nc5 20. a3 g6 21. Kh2 Kg7 22. R1d2 Qc6 23. Rd1 b5 24. Rf1 h5 25. Qf3 Qe8 26. g4 hxg4 27. hxg4 Qe7 28. Kg3 Rh8 29. Rh1 Rxh1 30. Qxh1 Rc8 31. Qh4 Qxh4+ 32. Kxh4 Nb3 33. Rd1 Na5 34. e4 Nc4 35. exd5 Nxb2 36. Rd2 Rxc3 37. dxe6 fxe6 38. Rxb2 Kh6 39. a4 bxa4 40. Rb6 Rc4 41. g5+ Kg7 42. Kg4 Kf7 43. Rxa6 Ke7 44. Ra7+ Kd8 45. Kf3 Rc3+ 46. Ke4 a3 47. Kd4 Rf3 48. Rxa3 Rxa3 0-1


[Site "https://www.chess.com"]

[Event "Titled Tuesday Blitz April 25 Early 2023"]
[White "Tang, Andrew"]
[Black "Pauly, Carlo"]
[WhiteFideId "2059630"]
[BlackFideId "24673269"]
[WhiteElo "2596"]
[BlackElo "2254"]
[Result "1-0"]
[Round "01"]
[TimeControl "180+2"]
[Date "2023.04.25"]
[WhiteClock "0:00:04"]
[BlackClock "0:00:30"]

1. d4 Nf6 2. c4 g6 3. f3 Bg7 4. e4 d6 5. Nc3 O-O 6. Nge2 c5 7. d5 e6 8. Ng3 exd5 9. cxd5 h5 10. Bg5 a6 11. a4 Nbd7 12. Be2 Qc7 13. Qd2 Nh7 14. Bh6 h4 15. Bxg7 Kxg7 16. Nf1 f5 17. exf5 gxf5 18. Ne3 Ne5 19. f4 Ng6 20. O-O Bd7 21. Rac1 Rae8 22. Bd3 Qc8 23. Rf3 Nf6 24. Qc2 Nh5 25. Ne2 b5 26. axb5 axb5 27. Rcf1 c4 28. Qc3+ Kh6 29. Bc2 Qc5 30. Nd4 Ng7 31. Kh1 Rc8 32. Rh3 b4 33. Qd2 c3 34. bxc3 bxc3 35. Qf2 Qxd4 36. Ng4+ fxg4 37. Rxh4+ Nxh4 38. Qxh4+ Nh5 39. Qg5# 1-0


[Site "https://www.chess.com"]

[Event "Titled Tuesday Blitz April 25 Early 2023"]
[White "Tokman, Ariel"]
[Black "Shimanov, Aleksandr"]
[WhiteFideId "117420"]
[BlackFideId "4198603"]
[WhiteElo "2263"]
[BlackElo "2631"]
[Result "0-1"]
[Round "01"]
[TimeControl "180+2"]
[Date "2023.04.25"]
[WhiteClock "0:00:08"]
[BlackClock "0:01:37"]

1. d4 Nf6 2. Bf4 d6 3. e3 g6 4. h3 Bg7 5. Nf3 O-O 6. Be2 c5 7. c3 Qb6 8. Qb3 Be6 9. Qxb6 axb6 10. a3 Bd7 11. O-O Bc6 12. Nbd2 Nbd7 13. Rfd1 Rfe8 14. Bg3 b5 15. dxc5 dxc5 16. Ne5 Nxe5 17. Bxe5 Nd7 18. Bxg7 Kxg7 19. Bf3 Ne5 20. Bxc6 bxc6 21. Nb3 c4 22. Nd4 Rec8 23. Rd2 Nd3 24. Rb1 e5 25. Nc2 c5 26. e4 f5 27. Re2 Kf6 28. Ne3 Nf4 29. Nd5+ Nxd5 30. exd5 Rd8 31. Rd1 Ra6 32. f3 Rad6 33. Red2 h5 34. Kf2 h4 35. Ke3 g5 36. Kf2 Re8 37. Ke3 e4 38. fxe4 Rxe4+ 39. Kf3 Ke5 40. Kf2 g4 41. hxg4 fxg4 42. Rh1 Rf6+ 43. Kg1 Re1+ 0-1


[Site "https://www.chess.com"]

[Event "Titled Tuesday Blitz April 25 Early 2023"]
[White "Bortnyk, Olexandr"]
[Black "Dushyant Sharma"]
[WhiteFideId "14120828"]
[BlackFideId "25065130"]
[WhiteElo "2734"]
[BlackElo "2198"]
[Result "1-0"]
[Round "01"]
[TimeControl "180+2"]
[Date "2023.04.25"]
[WhiteClock "0:00:04"]
[BlackClock "0:00:05"]

1. d4 d5 2. Nc3 Bf5 3. f3 Nf6 4. g4 Bg6 5. h4 h6 6. h5 Bh7 7. Bf4 e6 8. e3 Bd6 9. Bd3 Bxd3 10. Qxd3 Bxf4 11. exf4 Qd6 12. Nge2 c5 13. Qb5+ Nbd7 14. Qxb7 O-O 15. Nb5 Qe7 16. Qa6 cxd4 17. O-O-O d3 18. cxd3 Rab8 19. Ned4 Qb4 20. a3 Qc5+ 21. Kb1 Rb6 22. Qa5 Rfb8 23. Rc1 Qe7 24. Nc6 Qe8 25. a4 a6 26. Nxb8 Qxb8 27. g5 axb5 28. gxf6 Nxf6 29. Rc8+ Qxc8 30. Qxb6 bxa4 31. Rc1 Qe8 32. Qb7 Kh7 33. Rc8 Qd7 34. Qxd7 Nxd7 35. Ra8 Nc5 36. d4 Nd3 37. Rxa4 Nxf4 38. b4 g6 39. hxg6+ Kxg6 40. b5 e5 41. b6 Ne6 42. b7 Nc5 43. dxc5 1-0


[Site "https://www.chess.com"]

[Event "Titled Tuesday Blitz April 25 Early 2023"]
[White "Erzhanov, Arman"]
[Black "Svane, Rasmus"]
[WhiteFideId "4138821"]
[BlackFideId "4657101"]
[WhiteElo "2138"]
[BlackElo "2597"]
[Result "0-1"]
[Round "01"]
[TimeControl "180+2"]
[Date "2023.04.25"]
[WhiteClock "0:00:17"]
[BlackClock "0:01:21"]

1. e4 c6 2. d4 d5 3. exd5 cxd5 4. c4 Nf6 5. Nc3 Nc6 6. Nf3 a6 7. cxd5 Nxd5 8. Bc4 Be6 9. Bb3 Na5 10. Ba4+ b5 11. Bc2 g6 12. O-O Bg7 13. Ng5 Nxc3 14. bxc3 Bd5 15. Re1 O-O 16. Ba3 Re8 17. Qg4 Qc8 18. Qg3 e6 19. h4 Nc4 20. Bc5 Qb8 21. Qg4 h5 22. Qd1 Qc7 23. g3 Rac8 24. f4 Nd6 25. Re3 Nf5 26. Bxf5 exf5 27. Qd2 Rxe3 28. Qxe3 Bb7 29. Kf2 Qc6 30. Rg1 Re8 31. Qd2 f6 0-1


[Site "https://www.chess.com"]